 Seeded DCSS version 0.28.0-61-g67df4f89a8 (webtiles) character file.

Game seed: 817364486559478969 (custom seed)

672 Mickster the Skirmisher (level 7, -8/64 HPs)
             Began as a Hill Orc Monk on Feb 19, 2023.
             Mangled by a two-headed ogre
             ... wielding a +0 giant spiked club
              (12 damage)
             ... on level 5 of the Dungeon.
             The game lasted 00:48:59 (4727 turns).

Mickster the Skirmisher (Hill Orc Monk)             Turns: 4727, Time: 00:49:02

Health: -8/64      AC: 11    Str: 16    XL:     7   Next: 59%
Magic:  7/7        EV:  7    Int: 10    God:
Gold:   853        SH:  0    Dex: 13    Spells: 6/6 levels left

rFire   x . .      SeeInvis .   k - +3 mace (drain)
rCold   + . .      Faith    +   (no shield)
rNeg    + . .      Spirit   .   j - +0 chain mail
rPois   .          Reflect  .   g - +0 helmet
rElec   .          Harm     .   (no cloak)
rCorr   .          Rampage  .   q - +1 pair of gloves
Will    .....                   (no boots)
Stlth   ..........              n - amulet of faith
HPRegen 0.20/turn               e - ring of ice
MPRegen 0.10/turn               h - ring of positive energy

@: no status effects
A: no striking features
a: no special abilities


You were on level 5 of the Dungeon.
You visited 1 branch of the dungeon, and saw 5 of its levels.

You collected 853 gold pieces.

Inventory:

Hand Weapons
 a - a +0 hand axe
 c - a +1 dagger of venom
 k - a +3 mace of draining (weapon)
 m - a +0 long sword
 r - a +0 executioner's axe
 s - a +0 hunting sling of freezing
Missiles
 d - 83 stones
 f - 53 bolts
 o - 5 poisoned darts (quivered)
 u - 2 throwing nets
Armour
 b - a +1 robe
 g - a +0 helmet (worn)
 j - a +0 chain mail (worn)
 q - a +1 pair of gloves (worn)
Jewellery
 e - a ring of ice (left hand)
 h - a ring of positive energy (right hand)
 n - an amulet of faith (around neck)
Wands
 v - a wand of iceblast (13)
Scrolls
 p - 3 scrolls of identify
 t - a scroll of summoning


   Skills:
 * Level 6.3 Fighting
 - Level 1.1 Short Blades
 - Level 4.8(6.0) Axes
 * Level 4.6(5.3) Maces & Flails
 + Level 0.7 Throwing
 + Level 1.8 Armour
 + Level 3.6 Dodging
 + Level 2.1 Stealth


You had 6 spell levels left.
You didn't know any spells.
Your spell library contained the following spells:

 Spells                   Type           Power      Damage    Failure   Level
 Summon Small Mammal      Summ           0%         N/A       100%        1
 Corpse Rot               Necr/Air       0%         N/A       100%        2
 Poisonous Vapours        Pois/Air       0%         N/A       100%        2
 Call Canine Familiar     Summ           0%         N/A       100%        3
 Summon Guardian Golem    Hex/Summ       0%         N/A       100%        3


Dungeon Overview and Level Annotations

Branches:
Dungeon (5/15)
 Temple: D:4-7

Altars:
Ashenzari

Shops:
D:1 (   D:3 :

Annotations:
D:2 1 runed translucent door, Crazy Yiuf


Message History

The centaur zombie kicks you but does no damage.
The iguana bites you but does no damage.
The two-headed ogre hits you but does no damage. x2
You barely miss the black bear.
The black bear is almost dead.
The centaur zombie hits you.
The centaur zombie kicks you but does no damage.
The black bear goes berserk!
The iguana bites you! The centaur zombie closely misses you.
The centaur zombie kicks you but does no damage.
The black bear bites you but does no damage.
The black bear claws you. x2
The two-headed ogre hits you with a +0 giant spiked club.
The two-headed ogre barely misses you.
You barely miss the black bear.
The black bear is almost dead.
The iguana bites you but does no damage.
The centaur zombie hits you but does no damage.
The centaur zombie kicks you but does no damage.
The black bear bites you. The black bear claws you.
* * * LOW HITPOINT WARNING * * *
The black bear claws you but does no damage.
You sock the black bear!
You kill the black bear!
The centaur zombie barely misses you.
The centaur zombie kicks you but does no damage.
The iguana bites you!
* * * LOW HITPOINT WARNING * * *
The two-headed ogre completely misses you.
The two-headed ogre closely misses you. The centaur zombie hits you.
* * * LOW HITPOINT WARNING * * *
The centaur zombie barely misses you.
As you read the scroll of fear, it crumbles to dust.
You assume a fearsome visage.
The centaur zombie is unaffected.
The two-headed ogre resists with some effort.
The iguana looks frightened!
The two-headed ogre hits you with a +0 giant spiked club.
* * * LOW HITPOINT WARNING * * *
The two-headed ogre hits you with a +0 dire flail!
You die...

#.# #.# # ##+# #.#
#.#...# #.# #......##
###.# #.......## ##.#.#
......OZ.####....#######
......†@.'..............
.........####........###
#....l..## #..#.###.##.
##.....## #.##.# #.##.
##...# #.##.# #.## ##+#
#.##.# #.# #.##.# #.#
#..... ..# ###


You could see a two-headed ogre, an iguana (fleeing) and a centaur zombie.

Vanquished Creatures
  A wyvern (D:4)
  A black bear (D:5)
  An ogre (D:3)
  Blork the orc (D:5)
  2 hounds (D:4)
  A scorpion zombie (D:5)
  An iguana (D:4)
  An orc wizard (D:3)
  Robin (D:2)
  3 gnolls (D:4)
  4 adders
  A worm (D:4)
  2 dart slugs (D:3)
  4 orcs (D:3)
  3 bats
  2 endoplasms
  15 goblins
  11 hobgoblins
  9 jackals
  7 kobolds
  3 quokkas
  3 ball pythons (D:1)
  A frilled lizard (D:1)
  A rat (D:1)
79 creatures vanquished.

Notes
Turn   | Place    | Note
-------+----------+-------------------------------------------
     0 | D:1      | Mickster the Hill Orc Monk began the quest for the Orb.
     0 | D:1      | Reached XP level 1. HP: 19/19 MP: 1/1
   164 | D:1      | Reached XP level 2. HP: 22/27 MP: 2/2
   243 | D:1      | Reached skill level 4 in Fighting
   327 | D:1      | Found Niro's Weapon Shop.
   645 | D:2      | Reached XP level 3. HP: 29/33 MP: 3/3
   649 | D:2      | Noticed Robin
   669 | D:2      | Killed Robin
   696 | D:2      | Reached skill level 1 in Short Blades
  1098 | D:2      | Found a broken altar of Ashenzari.
  1162 | D:2      | Found a faded altar of an unknown god.
  1268 | D:2      | Found a runed translucent door.
  1271 | D:2      | Noticed Crazy Yiuf
  1521 | D:3      | Reached XP level 4. HP: 33/41 MP: 4/4
  2075 | D:3      | Found Uruyd's Book Emporium.
  2123 | D:3      | Noticed an ogre
  2139 | D:3      | Killed an ogre
  2140 | D:3      | Reached skill level 5 in Fighting
  2140 | D:3      | Reached skill level 1 in Maces & Flails
  2140 | D:3      | Reached XP level 5. HP: 18/48 MP: 5/5
  2982 | D:4      | Identified a scroll of acquirement
  2982 | D:4      | Acquired 747 gold pieces
  2995 | D:4      | Reached XP level 6. HP: 50/56 MP: 6/6
  3231 | D:4      | Noticed a wyvern
  3239 | D:4      | Killed a wyvern
  3616 | D:4      | Reached XP level 7. HP: 50/62 MP: 7/7
  4297 | D:5      | Entered Level 5 of the Dungeon
  4315 | D:5      | Noticed Blork the orc
  4337 | D:5      | Killed Blork the orc
  4338 | D:5      | Reached skill level 6 in Fighting
  4338 | D:5      | Reached skill level 1 in Armour
  4716 | D:5      | Noticed a two-headed ogre
  4727 | D:5      | Mangled by a two-headed ogre

Illustrated notes

Levels and vault maps discovered:
D:1:      dpeg_arrival_arbitrary_c, layout_loops_ring, serial_shops,
          nicolae_shop_trees, minmay_tetromino_l4
D:2:      layout_loops_ring, basic_altar, basic_ecumenical_altar, uniq_natasha,
          uniq_robin, uniq_crazy_yiuf_cottage
D:3:      layout_basic, serial_shops, shop_statue, st_stairs_1,
          minmay_fractal_squares_diagonal_5
D:4:      layout_basic, minmay_temple_entry_nine_rooms
D:5:      layout_loops_corners, serial_glass, glass_columns_c, glass_columns_a,
          chequers_arboretum, minmay_shop_damaged, mrwooster_statue_mirror,
          minmay_statues_item, st_stairs_9, uniq_blork_the_orc

Skill      XL: |  1  2  3  4  5  6  7 |
---------------+----------------------+-----
Fighting       | 4 5 6 |  6.3
Short Blades   | 1 |  1.1
Dodging        | 3 |  3.6
Maces & Flails | 1 2 4 |  4.6
Stealth        | 2 |  2.1
Armour         | 1 |  1.8
Axes           | |  4.8
Throwing       | |  0.7

Action                   |  1- 3 |  4- 6 |  7- 9 || total
-------------------------+-------+-------+-------++-------
Melee: Hand axe          |    17 |       |       ||    17
       Dagger            |    87 |       |       ||    87
       Mace              |    11 |    69 |    45 ||   125
       Executioner's axe |       |     5 |    34 ||    39
       Punch             |       |       |     1 ||     1
Throw: Stone             |     2 |       |       ||     2
       Dart              |       |    12 |       ||    12
  Use: Scroll            |     5 |     3 |     3 ||    11
       Potion            |       |     1 |       ||     1
 Stab: Sleeping          |     2 |       |       ||     2
Armor: Robe              |    19 |     8 |       ||    27
       Chain mail        |       |    18 |    87 ||   105
Dodge: Dodged            |    78 |    48 |    50 ||   176
